 Dungeon Crawl Stone Soup version 0.30-a0-359-gd0147acb1a (webtiles) character file.

Game seed: 6996152545738906947

900 Elric the Basher (level 7, -5/58 HPs)
             Began as a Minotaur Fighter on Nov 12, 2022.
             Was an Initiate of Okawaru.
             Slain by an orc warrior
             ... wielding a +0 battleaxe
              (8 damage)
             ... on level 6 of the Dungeon.
             The game lasted 00:03:43 (4513 turns).

Elric the Basher (Minotaur Fighter)                 Turns: 4513, Time: 00:03:43

Health: -5/58      AC:  6    Str: 23    XL:     7   Next: 79%
Magic:  6/6        EV:  9    Int:  5    God:    Okawaru [......]
Gold:   321        SH:  4    Dex:  9    Spells: 6/6 levels left

rFire   . . .      SeeInvis .    t - +1 war axe (flame)
rCold   . . .      Faith    .    c - +0 buckler
rNeg    . . .      Spirit   .    b - +0 scale mail
rPois   .          Reflect  .    (helmet restricted)
rElec   .          Harm     .    e - scarf {shadows}
rCorr   +          Rampage  .    (no gloves)
Will    .....                    (no boots)
Stlth   ..........               (no amulet)
HPRegen 0.29/turn                r - ring of resist corrosion
MPRegen 0.10/turn                (no ring)

@: attractive, hasted, very quick
A: horns 2, retaliatory headbutt
a: Renounce Religion


You were on level 6 of the Dungeon.
You worshipped Okawaru.
Okawaru was noncommittal.
You visited 1 branch of the dungeon, and saw 6 of its levels.

You collected 321 gold pieces.

Inventory:

Hand Weapons
 a - a +0 flail
 t - a +1 war axe of flaming (weapon)
Armour
 b - a +0 scale mail (worn)
 c - a +0 buckler (worn)
 e - a scarf of shadows (worn)
Jewellery
 m - a ring of willpower
 r - a ring of resist corrosion (left hand)
 B - a ring of flight
 D - a ring of protection from fire
Wands
 w - a wand of paralysis (5)
 A - a wand of mindburst (10)
 H - a wand of quicksilver (6)
Scrolls
 f - a scroll of fear {unknown}
 g - a scroll of amnesia
 j - a scroll of poison
 l - 2 scrolls of enchant weapon
 q - 3 scrolls of blinking
 s - 3 scrolls of noise
 u - 4 scrolls of identify
 v - a scroll of teleportation {unknown}
 x - a scroll of vulnerability {unknown}
 y - 2 scrolls of magic mapping
 G - a scroll of enchant armour {unknown}
Potions
 d - a potion of might
 h - a potion of brilliance
 i - 2 potions of haste
 k - 2 potions of cancellation {unknown}
 n - 2 potions of attraction
 o - 2 potions of degeneration {unknown}
 p - a potion of invisibility {unknown}
 z - a potion of magic {unknown}
 C - a potion of resistance
 E - a potion of heal wounds {unknown}
 F - a potion of curing {unknown}
 I - a potion of flight {unknown}


   Skills:
 - Level 3.6 Fighting
 + Level 7.0(8.8) Axes
 - Level 8.2(9.4) Maces & Flails
 - Level 3.6 Armour
 - Level 3.6 Shields


You had 6 spell levels left.
You didn't know any spells.
Your spell library contained the following spells:

 Spells                   Type           Power      Damage    Failure   Level
 Apportation              Tloc           0%         N/A       86%         1
 Necrotise                Necr           0%         1d4       86%         1
 Blink                    Tloc           0%         N/A       95%         2
 Cigotuvi's Dreadful Rot  Necr/Pois/Air  0%         N/A       95%         2
 Momentum Strike          Conj/Tloc      0%         3d8       95%         2
 Kindle Blastsparks       Fire/Tloc/Air  0%         2d10      99%         3
 Lesser Beckoning         Tloc           0%         N/A       99%         3
 Stone Arrow              Conj/Erth      0%         3d7       99%         3
 Dispel Undead            Necr           0%         3d6       100%        4
 Fulminant Prism          Conj/Hex       0%         3d5       100%        4
 Iskenderun's Mystic Bla  Conj/Tloc      0%         2d3       100%        4
 Lee's Rapid Deconstruct  Erth           0%         3d4*      100%        5
 Lehudib's Crystal Spear  Conj/Erth      0%         10d2      100%        8
 Summon Small Mammal      Summ           Unusable   N/A       N/A         1
 Call Canine Familiar     Summ           Unusable   N/A       N/A         3
 Summon Guardian Golem    Hex/Summ       Unusable   N/A       N/A         3
 Animate Armour           Summ/Erth      Unusable   N/A       N/A         4
 Death Channel            Necr           Unusable   N/A       N/A         6

Dungeon Overview and Level Annotations

Branches:
Dungeon (6/15)             Temple (0/1) D:5

Altars:
Gozag
Okawaru
Uskayaw

Shops:
D:1 (   D:4 *


Innate Abilities, Weirdness & Mutations

You have a pair of horns on your head.
You reflexively headbutt those who attack you in melee.


Message History

You closely miss the orc.
The orc hits you with a +2 mace of protection.
You slash the orc! You burn the orc.
You kill the orc!
Okawaru accepts your kill.
You closely miss the orc warrior. Your headbutt misses the orc warrior.
The orc warrior hits you with a +0 battleaxe!
You closely miss the orc warrior. The orc warrior barely misses you.
You closely miss the orc warrior. Your headbutt misses the orc warrior.
The orc warrior hits you with a +0 battleaxe.
You hit the orc warrior but do no damage.
An orc comes into view. It is wielding a +0 whip.
The orc warrior hits you with a +0 battleaxe!
You are too injured to fight recklessly!
You are too injured to fight recklessly!
You are too injured to fight recklessly!
You are too injured to fight recklessly!
You slash the orc warrior! You burn the orc warrior.
You headbutt the orc warrior, but do no damage.
The orc warrior is moderately wounded.
The orc warrior barely misses you. You furiously retaliate!
You headbutt the orc warrior. You barely miss the orc warrior.
The orc warrior is heavily wounded.
The orc warrior hits you with a +0 battleaxe!
* * * LOW HITPOINT WARNING * * *
The orc warrior completely misses you.
You hit the orc warrior. You burn the orc warrior.
The orc warrior is severely wounded.
You block the orc warrior's attack.
You barely miss the orc warrior.
The orc warrior is severely wounded.
The orc warrior hits you with a +0 battleaxe!
* * * LOW HITPOINT WARNING * * *
It was a potion of attraction.
You feel attractive to monsters. The orc warrior barely misses you.
It was a potion of haste.
You feel yourself speed up.
The orc warrior hits you with a +0 battleaxe!
You die...

### ..# # #.# ###.##.######
.....)o...... ###+#### #o#
.......# #@# .......# #.#
(......# #.# .......# #.#
....)..#########.#############
.......'.....>...............#
.......######.##.######.######
#....### #.##.# #.# #....#
#.##.# #.#


You could see an orc warrior and an orc.

Vanquished Creatures
  Grinder (D:3)
  An ogre (D:5)
  A black bear (D:5)
  A necrophage (D:5)
  A scorpion (D:5)
  A jelly (D:6)
  2 orc priests
  An iguana (D:5)
  Ijyb (D:4)
  Natasha (thrice) (D:3)
  An orc wizard (D:5)
  3 gnolls
  6 adders
  3 worms
  A dart slug (D:3)
  14 orcs
  2 bats
  2 endoplasms
  3 goblins
  5 hobgoblins
  4 jackals (D:4)
  2 quokkas (D:4)
  2 ball pythons
  A frilled lizard (D:1)
  3 kobolds
  7 rats
72 creatures vanquished.

Vanquished Creatures (others)
  4 plants (D:2)
4 creatures vanquished.

Grand Total: 76 creatures vanquished

Notes
Turn   | Place    | Note
-------+----------+-------------------------------------------
     0 | D:1      | Elric the Minotaur Fighter began the quest for the Orb.
     0 | D:1      | Reached XP level 1. HP: 19/19 MP: 0/0
   208 | D:1      | Found Coyxy's Antique Weapon Shoppe.
   386 | D:1      | Found a faded altar of an unknown god.
   860 | D:2      | Reached skill level 3 in Maces & Flails
   946 | D:2      | Reached XP level 2. HP: 27/27 MP: 1/1
  1339 | D:2      | Reached skill level 4 in Maces & Flails
  1397 | D:3      | Reached XP level 3. HP: 25/33 MP: 2/2
  1708 | D:3      | Noticed Grinder
  1720 | D:3      | Killed Grinder
  1721 | D:3      | Reached skill level 7 in Maces & Flails
  1721 | D:3      | Reached XP level 4. HP: 17/40 MP: 3/3
  1721 | D:3      | Reached XP level 5. HP: 20/46 MP: 4/4
  1826 | D:3      | Noticed Natasha
  1830 | D:3      | Killed Natasha
  1831 | D:3      | Reached XP level 6. HP: 44/52 MP: 5/5
  1878 | D:3      | Noticed Natasha
  1884 | D:3      | Killed Natasha
  1921 | D:3      | Noticed Natasha
  1927 | D:3      | Killed Natasha
  1928 | D:3      | Reached skill level 8 in Maces & Flails
  2256 | D:3      | Reached skill level 1 in Axes
  2528 | D:4      | Found a hide-covered altar of Uskayaw.
  2787 | D:4      | Found Duirpheji's Assorted Antiques.
  2892 | D:4      | Noticed Ijyb
  2905 | D:4      | Killed Ijyb
  3417 | D:5      | Entered Level 5 of the Dungeon
  3516 | D:5      | Found a staircase to the Ecumenical Temple.
  3618 | D:5      | Reached XP level 7. HP: 58/58 MP: 6/6
  3634 | D:5      | Reached skill level 5 in Axes
  3763 | D:5      | Found an iron altar of Okawaru.
  3834 | D:5      | Became a worshipper of Warmaster Okawaru
  4050 | D:5      | Found an opulent altar of Gozag.
  4513 | D:6      | Slain by an orc warrior

Illustrated notes

Levels and vault maps discovered:
D:1:      dpeg_arrival_windows_large_door, layout_basic, serial_shops,
          shop_fountains, shapermc_ecumenical_altar_mp_urbaneastern
D:2:      cheibrodos_old_hovel, layout_basic, minmay_misc_feat_encased
D:3:      layout_loops_ring, kennysheep_orc_chapel, uniq_grinder, uniq_natasha
D:4:      layout_basic, mainiacjoe_overflow_24_doors, serial_shops,
          nicolae_shop_behind_doors, uniq_ijyb
D:5:      layout_loops_ring, okawaru_gym_becter,
          mainiacjoe_overflow_concentric_impassable, minmay_temple_entry_waves
D:6:      layout_basic, gammafunk_temple_overflow_elements,
          eino_small_chamber_without_monster

Skill      XL: |  1  2  3  4  5  6  7 |
---------------+----------------------+-----
Maces & Flails | 3 4 7 8 |  8.2
Axes           | 4 7 |  7.0
Fighting       | |  3.6
Armour         | |  3.6
Shields        | |  3.6

Action                   |  1- 3 |  4- 6 |  7- 9 || total
-------------------------+-------+-------+-------++-------
Melee: Flail             |    62 |    16 |       ||    78
       Headbutt          |    10 |     8 |     9 ||    27
       War axe           |       |    61 |    52 ||   113
  Use: Scroll            |     8 |       |       ||     8
       Potion            |       |       |     2 ||     2
Armor: Scale mail        |    13 |    25 |    17 ||    55
Dodge: Dodged            |    24 |    42 |    15 ||    81
Block: Buckler           |    12 |    11 |    11 ||    34

Table legend: (Time is in decaauts)
 A = Elapsed time spent in this place.
 B = Non-inter-level travel time spent in this place.
 C = Inter-level travel time spent in this place.
 D = Time resting spent in this place.
 E = Time spent auto-exploring this place.
 F = Levels seen in this place.
 G = Mean time per level.
                   A        B        C        D        E       F      G
               +--------+--------+--------+--------+--------+-----+--------+
         Total |   4551 |   4399 |    152 |     75 |   3827 |   6 |  758.5 |
       Dungeon |   4551 |   4399 |    152 |     75 |   3827 |   6 |  758.5 |
               +--------+--------+--------+--------+--------+-----+--------+

Top non-repeatable levels by time:
     D:3: 1033 daAuts
     D:4: 1022 daAuts
     D:5: 783 daAuts
     D:1: 773 daAuts
     D:2: 616 daAuts
     D:6: 321 daAuts
